 Dungeon Crawl Stone Soup version 0.29-a0-824-gd827844252 (webtiles) character file.

Game seed: 9452162960714723444

1064 Brotato the Shooter (level 8, -2/78 HPs)
             Began as a Troll Hunter on July 10, 2022.
             Slain by an ogre
             ... wielding a +0 giant club
              (10 damage)
             ... on level 6 of the Dungeon.
             The game lasted 00:09:21 (3614 turns).

Brotato the Shooter (Troll Hunter)                  Turns: 3614, Time: 00:09:22

Health: -2/78      AC:  4    Str: 20    XL:     8   Next: 6%
Magic:  7/7        EV: 11    Int:  5    God:
Gold:   265        SH:  0    Dex: 15    Spells: 7/7 levels left

rFire   . . .      SeeInvis .   a - +0 shortbow
rCold   . . .      Faith    .   (shield currently unavailable)
rNeg    . . .      Spirit   .   c - +0 robe
rPois   .          Reflect  .   (helmet restricted)
rElec   .          Harm     .   (no cloak)
rCorr   .          Rampage  .   (gloves unavailable)
Will    .....                   (boots unavailable)
Stlth   ++........              (no amulet)
HPRegen 1.03/turn               (no ring)
MPRegen 0.10/turn               (no ring)

@: no status effects
A: large, unfitting armour, claws 3, regeneration 1, shaggy fur 1, tough skin 1
a: no special abilities


You were on level 6 of the Dungeon.
You visited 1 branch of the dungeon, and saw 6 of its levels.

You collected 265 gold pieces.

Inventory:

Hand Weapons
 a - a +0 shortbow (weapon)
Missiles
 i - 14 poisoned darts
 s - 2 curare-tipped darts
Armour
 c - a +0 robe (worn)
Jewellery
 g - a ring of poison resistance
 q - a ring of protection from fire
 u - a +4 ring of protection
Wands
 w - a wand of iceblast (5)
 B - a wand of paralysis (7)
Scrolls
 b - 3 scrolls of immolation
 d - a scroll of teleportation {unknown}
 f - 8 scrolls of identify {unknown}
 j - a scroll of enchant armour {unknown}
 l - a scroll of poison {unknown}
 m - a scroll of amnesia {unknown}
 t - a scroll of brand weapon {unknown}
 v - a scroll of blinking {unknown}
 y - a scroll of enchant weapon {unknown}
 C - a scroll of noise {unknown}
Potions
 e - 2 potions of curing {unknown}
 h - 6 potions of degeneration {unknown}
 k - a potion of ambrosia {unknown}
 n - 2 potions of flight {unknown}
 o - a potion of mutation {unknown}
 p - a potion of berserk rage {unknown}
 r - 3 potions of brilliance {unknown}
 x - 3 potions of attraction {unknown}
 z - 2 potions of haste {unknown}
 A - a potion of might {unknown}


   Skills:
 + Level 4.1 Fighting
 + Level 4.2 Ranged Weapons
 + Level 4.2 Dodging
 + Level 2.8 Stealth


You had 7 spell levels left.
You didn't know any spells.
Your spell library was empty.

Dungeon Overview and Level Annotations

Branches:
Dungeon (6/15)
 Temple: D:4-7

Altars:
Dithmenos
Okawaru
Uskayaw
Xom

Shops:
D:1 *   D:5 =


Innate Abilities, Weirdness & Mutations

You are too large for most types of armour.
You have claws for hands.
Your natural rate of healing is unusually fast.
You are covered in fur. (AC +1)
You have tough skin. (AC +1)


Message History

You kill the centaur!
You have reached level 8!
You shoot an arrow. The arrow completely misses the ogre.
The arrow hits the river rat.
The river rat is moderately wounded.
You shoot an arrow. The arrow hits the ogre.
The ogre is lightly wounded.
A quokka comes into view.
The ogre hits you with a +0 giant club!
The quokka moves out of view.
You are too injured to fight recklessly!
You are too injured to fight recklessly!
You are too injured to fight recklessly!
Fire: a) +0 shortbow
Press: ? - help, Q - select action, (/) - cycle Shift-Dir - straight line, f/p - ogre
Aim: an ogre, wielding a +0 giant club (lightly wounded, 77% to hit)
You shoot an arrow. The arrow closely misses the ogre.
The arrow hits the river rat.
The river rat is moderately wounded.
Fire: a) +0 shortbow
Press: ? - help, Q - select action, (/) - cycle Shift-Dir - straight line, f/p - ogre
Aim: an ogre, wielding a +0 giant club (lightly wounded, 77% to hit)
You shoot an arrow. The arrow hits the ogre.
The ogre is moderately wounded.
The ogre hits you with a +0 giant club!!
* * * LOW HITPOINT WARNING * * *
Fire: a) +0 shortbow
Press: ? - help, Q - select action, (/) - cycle Shift-Dir - straight line, f/p - ogre
Aim: an ogre, wielding a +0 giant club (moderately wounded, 77% to hit)
You shoot an arrow. The arrow hits the ogre!
The ogre is heavily wounded.
The ogre hits you with a +0 giant club!
* * * LOW HITPOINT WARNING * * *
Fire: a) +0 shortbow
Press: ? - help, Q - select action, (/) - cycle Shift-Dir - straight line, f/p - ogre
Aim: an ogre, wielding a +0 giant club (heavily wounded, 77% to hit)
You shoot an arrow. The arrow closely misses the ogre.
The arrow hits the river rat!
You kill the river rat!
The ogre hits you with a +0 giant club!
You die...

#. . #. #.. ###r#
##...r### ..†..rr.#
#r### #rO@### ####..##
## ###.# #> ###.## ###
####. #..##
##.#####...<
..##.##.###.#......##.
#†...†.##.#.########.
#...###..#.## ## #.#.
######


You could see an ogre, a river rat, 2 quokkas and 3 rats.

Vanquished Creatures
  Grinder (D:3)
  A water moccasin (D:5)
  A black bear (D:5)
  An ice beast (D:5)
  A centaur (D:6)
  A phantom (D:4)
  A scorpion (D:5)
  A hound (D:4)
  A jelly (D:4)
  Terence (D:3)
  5 iguanas
  Robin (D:3)
  4 gnolls (D:2)
  2 adders
  2 river rats (D:6)
  A worm (D:2)
  5 dart slugs
  7 orcs
  5 bats
  2 endoplasms
  13 goblins
  4 hobgoblins
  A quokka (D:6)
  12 ball pythons
  2 frilled lizards
  8 kobolds
  6 rats
90 creatures vanquished.

Vanquished Creatures (others)
  A plant (D:4)
1 creature vanquished.

Grand Total: 91 creatures vanquished

Notes
Turn   | Place    | Note
-------+----------+-------------------------------------------
     0 | D:1      | Brotato the Troll Hunter began the quest for the Orb.
     0 | D:1      | Reached XP level 1. HP: 19/19 MP: 0/0
    70 | D:1      | Reached XP level 2. HP: 28/28 MP: 1/1
   323 | D:1      | Found Kewug's Assorted Antiques.
   608 | D:1      | Found a faded altar of an unknown god.
   841 | D:2      | Reached XP level 3. HP: 35/35 MP: 2/2
  1013 | D:2      | Reached skill level 1 in Stealth
  1024 | D:2      | Reached XP level 4. HP: 27/42 MP: 3/3
  1618 | D:3      | Noticed Robin
  1636 | D:3      | Killed Robin
  1747 | D:3      | Found a shadowy altar of Dithmenos.
  1754 | D:3      | Noticed Terence
  1794 | D:3      | Killed Terence
  1795 | D:3      | Reached XP level 5. HP: 13/50 MP: 4/4
  2278 | D:3      | Noticed Grinder
  2292 | D:3      | Paralysed by Grinder for 4 turns
  2303 | D:3      | Killed Grinder
  2304 | D:3      | Reached XP level 6. HP: 18/61 MP: 5/5
  2752 | D:4      | Reached XP level 7. HP: 55/67 MP: 6/6
  2910 | D:5      | Entered Level 5 of the Dungeon
  2910 | D:5      | Found Yzxikluz's Jewellery Shoppe.
  3065 | D:5      | Found a shimmering altar of Xom.
  3340 | D:5      | Found an iron altar of Okawaru.
  3343 | D:5      | Found a hide-covered altar of Uskayaw.
  3609 | D:6      | Reached XP level 8. HP: 47/78 MP: 7/7
  3614 | D:6      | Slain by an ogre

Illustrated notes

Levels and vault maps discovered:
D:1:      scummos_arrival_simple_crosswalls, layout_basic, serial_shops, shop,
          shapermc_ecumenical_altar_acropolis
D:2:      layout_loops_corners, nicolae_figureground_pulse
D:3:      layout_basic, mainiacjoe_overflow_small_starburst, serial_curves,
          eino_curves_02, eino_curves_03, uniq_terence, uniq_robin, uniq_grinder
D:4:      layout_cave_pools, serial_bayou_ford_a
D:5:      layout_basic, eat_drink_and_be_merry_uskayaw,
          mainiacjoe_overflow_chevrons, lemuel_tele_altar, serial_shops, shop,
          kennysheep_generic_room_12
D:6:      lemuel_ratsnest, layout_rooms, grunt_temple_overflow_forces_of_nature,
          uniq_sigmund

Skill      XL: |  1  2  3  4  5  6  7 |
---------------+----------------------+-----
Fighting       | 2 3 4 |  4.1
Dodging        | 2 3 4 |  4.2
Stealth        | 1 2 |  2.8
Ranged Weapons | 3 4 |  4.2

Action                   |  1- 3 |  4- 6 |  7- 9 || total
-------------------------+-------+-------+-------++-------
 Fire: Shortbow          |    65 |   142 |   116 ||   323
Armor: Robe              |     7 |    16 |    19 ||    42
Dodge: Dodged            |     9 |    71 |    41 ||   121

Table legend: (Time is in decaauts)
 A = Elapsed time spent in this place.
 B = Non-inter-level travel time spent in this place.
 C = Inter-level travel time spent in this place.
 D = Time resting spent in this place.
 E = Time spent auto-exploring this place.
 F = Levels seen in this place.
 G = Mean time per level.
                   A        B        C        D        E       F      G
               +--------+--------+--------+--------+--------+-----+--------+
         Total |   3723 |   3573 |    150 |    213 |   2659 |   6 |  620.5 |
       Dungeon |   3723 |   3573 |    150 |    213 |   2659 |   6 |  620.5 |
               +--------+--------+--------+--------+--------+-----+--------+

Top non-repeatable levels by time:
     D:3: 901 daAuts
     D:2: 894 daAuts
     D:1: 696 daAuts
     D:5: 637 daAuts
     D:4: 543 daAuts
     D:6: 49 daAuts
